 Dungeon Crawl Stone Soup version 0.19-a0-926-g4486784 (webtiles) character file.

115 Lessnames the Slasher (level 4, 0/37 HPs)
             Began as a Demigod Fighter on July 6, 2016.
             Slain by a gnoll
             ... wielding a +0 spear
              (9 damage)
             ... on level 3 of the Dungeon.
             The game lasted 00:03:50 (2046 turns).

Lessnames the Slasher (Demigod Fighter)             Turns: 2046, Time: 00:03:51

Health: 0/37       AC:  7    Str: 21    XL:     4   Next: 41%
Magic:  6/6        EV:  7    Int: 12    God:
Gold:   70         SH:  9    Dex: 15    Spells: 0 memorised, 3 levels left

rFire  . . .     SeeInvis .     a - +0 long sword
rCold  . . .     Gourm    .     b - +0 scale mail
rNeg   . . .     Faith    .     c - +0 shield
rPois  .         Spirit   .     (no helmet)
rElec  .         Dismiss  .     (no cloak)
rCorr  .         Reflect  .     (no gloves)
SustAt +         Harm     .     q - +0 pair of boots
MR     +....                    (no amulet)
Stlth  ..........               (no ring)
                                o - ring of protection from magic

@: somewhat resistant to hostile enchantments, extremely unstealthy
A: high mp 1, sustain attributes
a: no special abilities


You were on level 3 of the Dungeon.
You were not hungry.

You visited 1 branch of the dungeon, and saw 3 of its levels.

You collected 70 gold pieces.

Inventory:

Hand Weapons
 a - a +0 long sword (weapon)
Armour
 b - a +0 scale mail (worn)
 c - a +0 shield (worn)
 q - a +0 pair of boots (worn)
Jewellery
 o - a ring of protection from magic (left hand)
Scrolls
 e - a scroll of immolation {unknown}
 h - 4 scrolls of remove curse {unknown}
 i - 6 scrolls of identify {unknown}
 l - a scroll of teleportation {unknown}
 m - a scroll of blinking {unknown}
Potions
 d - a potion of might
 g - a potion of curing {unknown}
 j - a potion of lignification {unknown}
 k - a potion of heal wounds {unknown}
 n - a potion of flight {unknown}
Comestibles
 f - 3 bread rations
 p - 7 chunks of flesh
 r - 4 fruits


   Skills:
 - Level 2.6 Fighting
 + Level 4.5 Long Blades
 - Level 2.6 Armour
 - Level 2.6 Shields


You had 3 spell levels left.
You didn't know any spells.

Dungeon Overview and Level Annotations

Branches:
Dungeon (3/15)


Innate Abilities, Weirdness & Mutations

You have an increased reservoir of magic. (+10% MP)
Your attributes are resistant to harm.


Message History

The gnoll hits you from afar with a spear.
The hound bites you but does no damage.
The gnoll hits you from afar with a spear.
You hit the hound.
The hound is severely wounded.
You block the hound's attack. x2; The gnoll hits you but does no damage.
You barely miss the hound.
The hound is severely wounded.
You block the hound's attack. The hound bites you.
You block the gnoll's attack.
You barely miss the hound.
The hound is severely wounded.
You block the hound's attack. The gnoll hits you but does no damage.
The hound barely misses you.
You hit the hound.
The hound is almost dead.
The hound bites you.
* * * LOW HITPOINT WARNING * * *
The gnoll hits you from afar with a spear!
You die...

#.# #.. #.#
##.## #.. #.#
##.#.## #.#
#.###.# #.#
##.#.## #.#
##.## ..# #.#
... #.# #@# #h#
#g# #.# #.#
##.## ##...##
##.#.#.###.#
####g.#.......#


You could see a hound and a gnoll.

Vanquished Creatures
  A hound (D:3)
  2 adders
  An ooze (D:3)
  3 worms
  A dart slug (D:1)
  A giant gecko (D:2)
  4 bats
  A giant cockroach (D:3)
  6 goblins
  4 hobgoblins
  4 jackals (D:3)
  7 kobolds
  A quokka (D:2)
  A ball python (D:1)
  2 giant newts
  2 gnoll zombies (D:2)
  10 rats
51 creatures vanquished.

Notes
Turn   | Place    | Note
-------+----------+-------------------------------------------
     0 | D:1      | Lessnames the Demigod Fighter began the quest for the Orb.
     0 | D:1      | Reached XP level 1. HP: 18/18 MP: 3/3
    90 | D:1      | Reached skill level 2 in Long Blades
   262 | D:1      | Reached XP level 2. HP: 25/25 MP: 4/4
   591 | D:2      | Reached skill level 3 in Long Blades
   921 | D:2      | Reached XP level 3. HP: 23/30 MP: 5/5
  1557 | D:2      | Found a basalt altar of Yredelemnul.
  1773 | D:3      | Found a radiant altar of Vehumet.
  1933 | D:3      | Reached skill level 4 in Long Blades
  2003 | D:3      | Reached XP level 4. HP: 37/37 MP: 6/6
  2046 | D:3      | Slain by a gnoll

Vault maps used:
D:1:      wheals_arrival_linesprint
D:2:      lemuel_zombie_altar_yredelemnul
D:3:      vehumet_crystals, nemelex_xobeh_ov_fountains_minmay,
          grunt_gozag_statues, first_bread, cheibrodos_gnoll_hut

Skill      XL: |  1  2  3 |
---------------+----------+-----
Long Blades    | 2 3 4 |  4.5
Fighting       | |  2.6
Armour         | |  2.6
Shields        | |  2.6

Action                   |  1- 3 |  4- 6 || total
-------------------------+-------+-------++-------
Melee: Long sword        |   160 |    20 ||   180
  Eat: Chunk             |     4 |       ||     4
Armor: Scale mail        |    40 |     9 ||    49
Dodge: Dodged            |    44 |     5 ||    49
Block: Shield            |    65 |    18 ||    83
